 Dungeon Crawl Stone Soup version 0.28-a0-691-gad6df49e81 (webtiles) character file.

Game seed: 8782588607314238602

58 voltaire321 the Charlatan (level 3, 0/27 HPs)
             Began as a Demonspawn Artificer on Oct 20, 2021.
             Slain by a goblin (1 damage)
             ... led by Robin
             ... on level 2 of the Dungeon.
             The game lasted 00:05:50 (1986 turns).

voltaire321 the Charlatan (Demonspawn Artificer)    Turns: 1986, Time: 00:05:51

Health: 0/27       AC:  4    Str: 12    XL:     3   Next: 75%
Magic:  3/3        EV: 11    Int: 12    God:
Gold:   61         SH:  0    Dex: 14    Spells: 2/2 levels left

rFire   . . .      SeeInvis .   i - +0 short sword
rCold   . . .      Faith    .   (no shield)
rNeg    . . .      Spirit   .   b - +0 leather armour
rPois   .          Reflect  .   k - +0 helmet
rElec   .          Harm     .   (no cloak)
rCorr   .          Rampage  .   (no gloves)
Will    .....                   (no boots)
Stlth   +.........              (no amulet)
HPRegen 0.09/turn               (no ring)
MPRegen 0.08/turn               (no ring)

@: no status effects
A: weakness stinger 1
a: no special abilities


You were on level 2 of the Dungeon.
You visited 1 branch of the dungeon, and saw 2 of its levels.

You collected 61 gold pieces.

Inventory:

Hand Weapons
 g - a +0 dagger
 i - a +0 short sword (weapon)
Missiles
 f - 7 poisoned darts (quivered)
Armour
 b - a +0 leather armour (worn)
 k - a +0 helmet (worn)
Wands
 c - a wand of flame (15)
 d - a wand of charming (15)
Potions
 a - a potion of degeneration {unknown}
 h - a potion of curing {unknown}
 j - a potion of mutation {unknown}
Miscellaneous
 e - a piece from Xom's chessboard (15/15)


   Skills:
 + Level 1.9 Fighting
 + Level 2.4 Armour
 + Level 1.7 Dodging
 - Level 0.8 Stealth
 + Level 3.4 Evocations


You had 2 spell levels left.
You didn't know any spells.
Your spell library was empty.

Dungeon Overview and Level Annotations

Branches:
Dungeon (2/15)

Altars:
Kikubaaqudgha

Annotations:
D:2 Robin


Innate Abilities, Weirdness & Mutations

You have a small tail.


Message History

You closely miss the goblin.
Your tail-slap misses the goblin.
The goblin barely misses you. The goblin hits you but does no damage.
You barely miss the goblin.
The goblin is heavily wounded.
The goblin closely misses you. The goblin hits you but does no damage.
You hit the goblin.
The goblin is severely wounded.
The goblin misses you. The goblin hits you but does no damage.
You barely miss the goblin.
The goblin is heavily wounded.
The goblin hits you with a +3 dagger. The goblin barely misses you.
You closely miss the goblin.
The goblin is heavily wounded.
The goblin hits you with a +3 dagger. The goblin hits you but does no damage.
You closely miss the goblin.
The goblin is heavily wounded.
The goblin hits you with a +3 dagger. The goblin hits you with a +0 club.
Found an ancient bone altar of Kikubaaqudgha.
Found 5 curare-tipped darts.
The goblin hits you with a +3 dagger. The goblin hits you with a +3 dagger.
* * * LOW HITPOINT WARNING * * *
You hit the goblin.
You kill the goblin!
Throw: 8 darts (poison)
Press: ? - help, Q - select action, (/) - cycle Shift-Dir - straight line, f/p - goblin
Aim: a goblin, wielding a +0 dagger (50% to hit)
You throw a poisoned dart.
The poisoned dart closely misses the goblin.
The poisoned dart hits the goblin.
The goblin is poisoned.
The goblin hits you with a +3 dagger.
* * * LOW HITPOINT WARNING * * *
Okay, then.
The goblin barely misses you.
The goblin looks more healthy.
The hobgoblin hits you but does no damage.
There is an ancient bone altar of Kikubaaqudgha here.
The hobgoblin hits you.
* * * LOW HITPOINT WARNING * * *
The goblin hits you with a +0 dagger.
You die...

#.........#g...##
##.......##..#..#
##.....##..###.#
#######...# #.#
######
#######..##
#<###.....
#.(...)..#
#.)##.(...
#........#
##.##.....
#..gg....#
#........
#..gg@...#
####.....
#..g.....# #.....
#.........#
#.....
#.........#
#.....
#.........#
######
##........#
##########


You could see a hobgoblin and 4 goblins.

Vanquished Creatures
  2 dart slugs (D:1)
  4 endoplasms
  2 giant cockroaches (D:1)
  8 goblins
  6 hobgoblins
  3 jackals (D:1)
  5 kobolds (D:1)
  8 ball pythons (D:1)
  3 bats (D:1)
  3 frilled lizards (D:1)
  3 rats (D:1)
47 creatures vanquished.

Notes
Turn   | Place    | Note
-------+----------+-------------------------------------------
     0 | D:1      | voltaire321 the Demonspawn Artificer began the quest for
                  | the Orb.
     0 | D:1      | Reached XP level 1. HP: 15/15 MP: 1/1
   196 | D:1      | Reached skill level 1 in Dodging
   237 | D:1      | Found a faded altar of an unknown god.
   262 | D:1      | Discovered your monstrous ancestry.
   262 | D:1      | Gained mutation: You have a small tail. [demonic ancestry]
   262 | D:1      | Reached XP level 2. HP: 21/21 MP: 2/2
   883 | D:1      | Reached XP level 3. HP: 24/26 MP: 3/3
  1637 | D:2      | Noticed Robin
  1972 | D:2      | Found an ancient bone altar of Kikubaaqudgha.
  1985 | D:2      | HP: 1/27 [hobgoblin[Robin] (2)]
  1986 | D:2      | Slain by a goblin

Illustrated notes

Levels and vault maps discovered:
D:1:      moated_graveyard_arrival, layout_basic,
          shapermc_ecumenical_altar_mp_ritualfount
D:2:      layout_rooms, basic_altar, minmay_door_square, uniq_robin

Skill      XL: |  1 |
---------------+----+-----
Dodging        | 1 |  1.7
Armour         | 2 |  2.4
Fighting       | |  1.9
Stealth        | |  0.8
Evocations     | |  3.4

Action                   || total
-------------------------++-------
Melee: Short sword       ||   136
       Dagger            ||     7
       Club              ||     2
       Tailslap          ||     9
Throw: Dart              ||    53
 Stab: Sleeping          ||     2
Armor: Leather armour    ||    65
Dodge: Dodged            ||   113

Table legend: (Time is in decaauts)
 A = Elapsed time spent in this place.
 B = Non-inter-level travel time spent in this place.
 C = Inter-level travel time spent in this place.
 D = Time resting spent in this place.
 E = Time spent auto-exploring this place.
 F = Levels seen in this place.
 G = Mean time per level.
                   A        B        C        D        E       F      G
               +--------+--------+--------+--------+--------+-----+--------+
         Total |   1998 |   1998 |      0 |    540 |    886 |   2 |  999.0 |
       Dungeon |   1998 |   1998 |      0 |    540 |    886 |   2 |  999.0 |
               +--------+--------+--------+--------+--------+-----+--------+

Top non-repeatable levels by time:
     D:1: 1522 daAuts
     D:2: 476 daAuts
